 Dungeon Crawl Stone Soup version 0.13.0-29-gdb529de (webtiles) character file.

1035 Chiseanne the Ducker (level 7, -6/67 HPs)
             Began as a Troll Monk on Nov 15, 2013.
             Was a Priest of Nemelex Xobeh.
             Mangled by an orc warrior
             ... wielding a +2,+2 orcish halberd
              (10 damage)
             ... on Level 6 of the Dungeon.
             The game lasted 00:17:35 (3753 turns).

Chiseanne the Ducker (Troll Monk)                   Turns: 3753, Time: 00:17:35

HP  -6/67        AC  9     Str 22      XL: 7   Next: 46%
MP   9/12        EV 12     Int  7      God: Nemelex Xobeh [***...]
Gold 296         SH  0     Dex 13      Spells:  0 memorised,  6 levels left

Res.Fire  : + . .   See Invis. : .   f - +4 quarterstaff (chaos)
Res.Cold  : . . .   Warding    : .   a - +0 robe
Life Prot.: . . .   Conserve   : .   (shield restricted)
Res.Poison: .       Res.Corr.  : .   (helmet restricted)
Res.Elec. : .       Clarity    : .   j - +2 cloak
Sust.Abil.: . .     Spirit.Shd : .   (gloves unavailable)
Res.Mut.  : .       Stasis     : .   (boots unavailable)
Res.Rott. : .       Flight     : .   (no amulet)
Gourmand  : +                        n - ring of magical power
                                     g - ring of protection from fire

@: slightly resistant to hostile enchantments, unstealthy
A: unfitting armour, claws 3, herbivore 1, fast metabolism 3, gourmand,
regeneration 2, saprovore 2, tough skin 2, wild magic 1, AC +2, Str +2
a: Draw One, Peek at Two, Triple Draw, Renounce Religion


You were on level 6 of the Dungeon.
You worshipped Nemelex Xobeh.
Nemelex Xobeh was most pleased with you.
You were not hungry.

You visited 2 branches of the dungeon, and saw 7 of its levels.

You collected 296 gold pieces.

Inventory:

Hand weapons
 f - a +4,+4 quarterstaff of chaos (weapon)
 u - a +2 elven blowgun
 A - a +0,+0 giant spiked club
Armour
 a - a +0 robe (worn)
 j - a +2 cloak (worn)
 p - a +0 large shield
Comestibles
 b - 6 meat rations
 d - 3 bread rations
 m - 2 chokos
 x - a pear
 B - a beef jerky
Scrolls
 c - 3 scrolls of identify
 e - 2 scrolls of fear
 i - 2 scrolls of fog
 k - 4 scrolls of remove curse
 v - 2 scrolls of teleportation
 y - a scroll of magic mapping
 z - a scroll of recharging
 C - 2 scrolls of blinking
Jewellery
 g - a ring of protection from fire (left claw)
 n - a ring of magical power (right claw)
 q - a +3 ring of strength
Potions
 h - 6 potions of curing
 l - a potion of restore abilities
 o - 2 potions of might
 r - a potion of speed
 s - 2 potions of heal wounds
Books
 t - a book of Enchantments

   Spells                             Type                      Level
   Cause Fear                         Hexes                        4
   Silence                            Hexes/Air                    5
   Tukima's Dance                     Hexes                        5
   Deflect Missiles                   Charms/Air                   6
   Haste                              Charms                       6
   Discord                            Hexes                        8
Miscellaneous
 w - a plain deck of destruction {drawn: 2} {god gift}


   Skills:
 * Level 4.4 Fighting
 * Level 2.4 Staves
 * Level 1.5 Armour
 * Level 5.1 Dodging
 - Level 1.1 Stealth
 - Level 4.0 Unarmed Combat
 * Level 1.2 Evocations


You had 6 spell levels left.
You didn't know any spells.

Dungeon Overview and Level Annotations

Branches:
Dungeon (6/27)             Temple (1/1) D:4
    Orc: D:6-11

Altars:
Ashenzari
Cheibriados
Elyvilon
Fedhas
Kikubaaqudgha
Nemelex Xobeh
Okawaru
Sif Muna
Trog
Vehumet
Xom
Yredelemnul
Zin
the Shining One


Innate Abilities, Weirdness & Mutations

You are too large for most types of armour.
You have claws for hands.
Your metabolism is lightning-fast.
You like to eat raw meat.
You heal very quickly.
You can eat rotten meat.
You are covered in fur (AC +1).
You have very tough skin (AC +2).
You are partially covered in molten scales (AC +1).
You digest meat inefficiently.
Your muscles are strong. (Str +2)
Your spells are a little harder to cast, but a little more powerful.


Message History

The orc warrior is severely wounded.
The orc warrior hits you with an orcish halberd!
* * * LOW HITPOINT WARNING * * *
You hit the orc warrior.
You feel better.
The orc warrior is severely wounded.
The orc warrior misses you.
Use which ability? (? or * to list) Draw from which deck? (? for menu, Esc to quit)
You draw a card...
It is Frost.
You have drawn Frost.
Press: ? - help, Shift-Dir - straight line, f/p - orc warrior
Aim: an orc warrior, wielding an orcish halberd and wearing an orcish chain mail (severely wounded)
The puff of frost misses the orc warrior.
The orc warrior hits you with an orcish halberd!
* * * LOW HITPOINT WARNING * * *
Use which ability? (? or * to list)
You fail to use your ability.
The orc warrior hits you with an orcish halberd!
You die...
Your body glows with a rainbow of weird colours and disappears.

#.#............###.#.###......
#.#.###.######.. .........#..##
#.#.# #.# #.# #...# #..#...
#.#.###.######.###...###..#..#
#.#.......................#..#
#.#.###.######.#####......#.[##
. #.#.#
#.######.#####..##.##....
.##.#.#
#..................##..[# . #.#
######..@o...........[...
#.....................#
#.##..................#
#.##.##.#####.##.###...
#.##.##.# #.##.# #..# #.......#
#..... ...# #.##.##.#
#######.#.# #.##.##.# .#..
#.##.##.#


You could see an orc warrior.

Vanquished Creatures
  3 ogres
  A centaur zombie (D:5)
  2 crimson imps (D:6)
  A hound (D:4)
  Crazy Yiuf (D:2)
  2 worker ants (D:4)
  An orc wizard (D:6)
  An iguana (D:3)
  Jessica (D:2)
  Terence (D:2)
  5 adders
  An inept feature mimic (D:6)
  2 worms (D:3)
  2 giant geckos
  10 orcs
  A ball python (D:4)
  6 bats
  2 giant cockroaches
  6 goblins
  5 hobgoblins
  10 jackals
  9 kobolds
  A ball python skeleton (D:5)
  3 giant newts
  A quokka skeleton (D:4)
  9 rats
  A rat skeleton (D:4)
88 creatures vanquished.

Vanquished Creatures (others)
  A giant frog (D:6)
1 creature vanquished.

Grand Total: 89 creatures vanquished

Notes
Turn   | Place    | Note
--------------------------------------------------------------
     0 | D:1      | Chiseanne, the Troll Monk, began the quest for the Orb.
     0 | D:1      | Reached XP level 1. HP: 20/20 MP: 0/0
    95 | D:1      | Reached XP level 2. HP: 28/28 MP: 0/0
   624 | D:2      | Noticed Crazy Yiuf
   633 | D:2      | Killed Crazy Yiuf
   633 | D:2      | Reached XP level 3. HP: 14/36 MP: 1/1
   806 | D:2      | Noticed Terence
   816 | D:2      | Killed Terence
   816 | D:2      | Reached XP level 4. HP: 36/44 MP: 1/1
   892 | D:2      | Noticed Jessica
   898 | D:2      | Killed Jessica
  1290 | D:3      | Reached XP level 5. HP: 31/52 MP: 1/1
  1395 | D:3      | Found a sparkling altar of Nemelex Xobeh.
  1408 | D:3      | Became a worshipper of Nemelex Xobeh
  1408 | D:3      | Received a gift from Nemelex Xobeh
  1408 | D:3      | Acquired Nemelex Xobeh's first power
  1648 | D:3      | Acquired Nemelex Xobeh's second power
  2260 | D:4      | Noticed an ogre
  2264 | D:4      | Killed an ogre
  2264 | D:4      | Reached skill level 1 in Staves
  2264 | D:4      | Reached skill level 1 in Armour
  2284 | D:4      | Gained mutation: You are partially covered in molten scales (AC +1). [potion of beneficial mutation]
  2305 | D:4      | Reached XP level 6. HP: 59/59 MP: 2/2
  2523 | D:4      | Found a staircase to the Ecumenical Temple.
  2542 | Temple   | Entered the Ecumenical Temple
  2661 | D:4      | Gained mutation: Your muscles are strong. (Str +2) [potion of mutation]
  2661 | D:4      | Gained mutation: Your spells are a little harder to cast, but a little more powerful. [potion of mutation]
  2661 | D:4      | Gained mutation: You digest meat inefficiently. [potion of mutation]
  3001 | D:5      | Entered Level 5 of the Dungeon
  3001 | D:5      | Found a radiant altar of Vehumet.
  3204 | D:5      | Acquired Nemelex Xobeh's third power
  3552 | D:5      | Reached XP level 7. HP: 46/67 MP: 3/3
  3582 | D:6      | Found a white marble altar of Elyvilon.
  3590 | D:6      | Found a staircase to the Ecumenical Temple.
  3597 | D:6      | the staircase to the Ecumenical Temple was a mimic.
  3598 | D:6      | Reached skill level 1 in Evocations
  3715 | D:6      | Reached skill level 5 in Dodging
  3752 | D:6      | HP: 3/67 [orc warrior/orcish halberd (14)]
  3753 | D:6      | Mangled by an orc warrior

Action                   |  1- 3 |  4- 6 |  7- 9 || total
-------------------------+-------+-------+-------++-------
Melee: Unarmed           |    57 |       |       ||    57
       Quarterstaff      |     7 |   132 |    27 ||   166
Invok: Draw One          |       |       |     2 ||     2
  Use: Potion            |     2 |     8 |       ||    10
       Scroll            |     1 |     9 |       ||    10
 Stab: Paralysed         |       |     3 |     1 ||     4
       Sleeping          |       |     2 |       ||     2
